 Dungeon Crawl Stone Soup version 0.31-a0-233-g139696dc86 (webtiles) character file.

Game seed: 5287850921224503459

37 qw the Shooter (level 3, 0/21 HPs)
             Began as a Gargoyle Hexslinger on July 9, 2023.
             Slain by a hobgoblin (4 damage)
             ... led by Robin
             ... on level 2 of the Dungeon.
             The game lasted 00:00:27 (1012 turns).

qw the Shooter (Gargoyle Hexslinger)                Turns: 1012, Time: 00:00:27

Health: 0/21       AC:  5    Str: 11    XL:     3   Next: 41%
Magic:  4/4        EV: 17    Int: 13    God:
Gold:   120        SH:  0    Dex: 14    Spells: 3/4 levels left

rFire   . . .        Y - +1 sling
rCold   . . .        (no shield)
rNeg    + . .        c - +0 robe
rPois   inf          (no helmet)
rElec   +            (no cloak)
rCorr   .            (no gloves)
SInv    .            (no boots)
Will    .....        (no amulet)
Stlth   +            j - +5 ring of evasion
HPRegen 0.23/turn    (no ring)
MPRegen 0.09/turn

%: no passive effects
@: no status effects
A: sickness immunity, AC +3, negative energy resistance 1, electricity
resistance, torment resistance 1, petrification resistance
a: no special abilities


You were on level 2 of the Dungeon.
You visited 1 branch of the dungeon, and saw 2 of its levels.

You collected 120 gold pieces.


Innate Abilities, Weirdness & Mutations

You are immune to sickness and miasma.
Your stone body is resilient. (AC +3)
You are immune to poison.
You resist negative energy. (rN+)
You are resistant to electric shocks. (rElec)
You are resistant to unholy torment.
You are immune to petrification.


   Skills:
 - Level 2.0 Fighting
 + Level 3.3 Ranged Weapons
 - Level 1.5 Dodging
 - Level 1.0 Spellcasting
 - Level 2.6 Hexes


You had 3 spell levels left.
You knew the following spells:

 Your Spells              Type           Power      Damage    Failure   Level
a - Slow                  Hex            28%        N/A       10%         1

Your spell library contained the following spells:

 Spells                   Type           Power      Damage    Failure   Level
 Inner Flame              Hex/Fire       4%         N/A       43%         3
 Portal Projectile        Hex/Tloc       8%         N/A       43%         3
 Cause Fear               Hex            3%         N/A       67%         4

Inventory:

Hand Weapons
 Y - a +1 sling (weapon)
Armour
 c - a +0 robe (worn)
Jewellery
 j - a +5 ring of evasion (left hand)
Potions
 d - a potion of lignification {unknown}
 i - a potion of mutation {unknown}

Dungeon Overview and Level Annotations

Branches:
Dungeon (2/15)

Altars:

Annotations:
D:2 Robin


Message History

The goblins go into a battle-frenzy!
You shoot a sling bullet. The sling bullet hits the hobgoblin.
The hobgoblin is heavily wounded.
The giant cockroach barely misses you. The hobgoblin barely misses you.
The hobgoblin closely misses you. The hobgoblin misses you.
The goblin closely misses you. The rat closely misses you.
A goblin comes into view. It is wielding a +0 club.
You shoot a sling bullet.
The sling bullet closely misses the hobgoblin.
The giant cockroach misses you. The hobgoblin closely misses you.
The hobgoblin misses you.
Robin roars a battlecry!
The goblins go into a battle-frenzy!
The goblin hits you with a +0 dagger. The rat misses you.
The hobgoblin closely misses you. The giant cockroach barely misses you.
You shoot a sling bullet.
The sling bullet hits the hobgoblin but does no damage.
The hobgoblin is heavily wounded.
The hobgoblin completely misses you. The hobgoblin barely misses you.
Robin barely misses you. The hobgoblin closely misses you.
The goblin misses you. The rat completely misses you.
The giant cockroach bites you but does no damage.
You shoot a sling bullet.
The sling bullet barely misses the hobgoblin.
The hobgoblin hits you but does no damage.
Robin says, "We wiped out the hill dwarves - you're next!"
Robin roars a battlecry!
The hobgoblin goes into a battle-frenzy!
The hobgoblin misses you. The giant cockroach closely misses you.
The hobgoblin closely misses you. The goblin barely misses you.
The rat bites you but does no damage. The hobgoblin closely misses you.
The rat barely misses you. The goblin hits you but does no damage.
The giant cockroach bites you but does no damage.
The hobgoblin barely misses you. The hobgoblin hits you.
Robin completely misses you.
You shoot a sling bullet. The sling bullet hits the hobgoblin.
You kill the hobgoblin!
The giant cockroach barely misses you. The rat bites you.
The goblin completely misses you. The hobgoblin hits you.
You die...

...........% . ..
.......#.......8
g##.##...............#
.....................
#g.#....#.##.....#..#
g........##.#......#
#.#Sg...........#..#
##..##g#Bg....##.#...#...
#...(.gg@g...........%..#
##..###rgg...........####
####....#..#.#.......
.........#..#.#...####
.....................>
........#.##...#...####
##.###..#.##...##......
...............##..####
.# #...........##.## #


You could see Robin, an adder, a giant cockroach, 5 hobgoblins, 2 goblins and a
rat.

Vanquished Creatures
  A dart slug (D:1)
  3 ball pythons
  6 bats
  2 endoplasms (D:2)
  5 goblins
  6 hobgoblins
  4 kobolds (D:1)
  3 frilled lizards (D:1)
  3 rats
33 creatures vanquished.

Notes
Turn   | Place    | Note
-------+----------+-------------------------------------------
     0 | D:1      | qw the Gargoyle Hexslinger began the quest for the Orb.
     0 | D:1      | Reached XP level 1. HP: 12/12 MP: 2/2
     0 | D:1      | 0 ||| qw: Version: 0.3-a-51-g015441d
     0 | D:1      | 0 ||| qw: Game counter: 3956
     0 | D:1      | 0 ||| qw: Melee chars always use a shield: true
     0 | D:1      | 0 ||| qw: God list: Okawaru
     0 | D:1      | 0 ||| qw: Allow faded altars: false
     0 | D:1      | 0 ||| qw: Do Orc after clearing Dungeon:15 true
     0 | D:1      | 0 ||| qw: Do second Lair branch before Depths: true
     0 | D:1      | 0 ||| qw: Lair rune preference: random
     0 | D:1      | 0 ||| qw: Goals: Normal
     0 | D:1      | 0 ||| PLANNING D:1-11
   142 | D:1      | 142 ||| Stepping ~*~*~tactically~*~*~ (outnumbered).
   144 | D:1      | 144 ||| Stepping ~*~*~tactically~*~*~ (outnumbered).
   145 | D:1      | 145 ||| Stepping ~*~*~tactically~*~*~ (outnumbered).
   147 | D:1      | 147 ||| Stepping ~*~*~tactically~*~*~ (outnumbered).
   160 | D:1      | Reached XP level 2. HP: 16/16 MP: 3/3
   327 | D:1      | Reached skill level 3 in Ranged Weapons
   792 | D:1      | 792 ||| DROPPING scarf of invisibility.
   793 | D:1      | 793 ||| UPGRADING to +5 ring of evasion.
   794 | D:1      | 794 ||| READING scroll labelled REPARU EDID.
   795 | D:1      | 795 ||| READING scroll labelled NECAFR TORO.
   796 | D:1      | 796 ||| READING scroll labelled JUIQOS BUEGE.
   801 | D:1      | 801 ||| DROPPING scroll of poison.
   864 | D:2      | Reached XP level 3. HP: 20/21 MP: 4/4
   994 | D:2      | Noticed Robin
  1001 | D:2      | 1001 ||| Stepping ~*~*~tactically~*~*~ (outnumbered).
  1012 | D:2      | HP: 4/21 [rat (2)]
  1012 | D:2      | Slain by a hobgoblin

Levels and vault maps discovered:
D:1:      dpeg_arrival_windows_large_door, layout_loops_ring, serial_forest,
          infiniplex_forest_straight_3, infiniplex_forest_zigzag_2,
          infiniplex_forest_lined_2, infiniplex_forest_end_3,
          infiniplex_forest_corner_1, infiniplex_forest_clump_curved,
          infiniplex_forest_lined_3_way
D:2:      wander_river, layout_basic, ebering_ecumenical_altar_box,
          uniq_sigmund, uniq_robin

Skill      XL: |  1  2 |
---------------+-------+-----
Ranged Weapons | 3 |  3.3
Fighting       | 2 |  2.0
Dodging        | |  1.5
Spellcasting   | |  1.0
Hexes          | |  2.6

Action                     || total
---------------------------++-------
   Fire: Sling             ||   104
    Use: Scroll            ||     3
 Armour: Robe              ||    34
  Dodge: Dodged            ||    90

Table legend:
 A = Non-vault XP
 B = Vault XP
 C = Vault XP percentage of total XP
 D = Non-vault monster count
 E = Vault monster count
 F = Vault count percentage of total count
                 A         B        C        D         E       F
            +---------+---------+-------+---------+---------+-------
      Total |      46 |      10 |  17.9 |      28 |       5 |  15.2
            +---------+---------+-------+---------+---------+-------
        D:1 |      30 |       0 |   0.0 |      19 |       0 |   0.0
        D:2 |      16 |      10 |  38.5 |       9 |       5 |  35.7
            +---------+---------+-------+---------+---------+-------
